 Dungeon Crawl Stone Soup version 0.20-a0-526-g753eaab (webtiles) character file.

10869 KristoblXynda the Spear-Bearer (level 11, -6/73 HPs)
             Began as a Centaur Monk on Jan 26, 2017.
             Was a Priest of Ashenzari.
             Mangled by a komodo dragon (7 damage)
             ... on level 2 of the Lair of Beasts.
             The game lasted 00:50:01 (17419 turns).

KristoblXynda the Spear-Bearer (Centaur Monk)      Turns: 17419, Time: 00:50:03

Health: -6/73      AC: 11    Str: 13    XL:     11   Next: 41%
Magic:  0/16       EV: 12    Int: 11    God:    Ashenzari [***...]
Gold:   637        SH:  5    Dex: 15    Spells: 8/10 levels left

rFire    + + +     SeeInvis +   a - +5 trident (pierce) (curse)
rCold    + . .     Gourm    .   E - +0 robe of Undesirable Species {+Inv rF+++ Str-2 Dex+3}
rNeg     . . .     Faith    .   w - +0 buckler
rPois    .         Spirit   +   e - +1 helmet
rElec    .         Reflect  .   (no cloak)
rCorr    +         Harm     .   x - +2 pair of gloves
MR       .....                  (no barding)
Stlth    ++........             v - amulet of guardian spirit
Regen    0.3/turn               r - ring of protection from cold
                                d - ring of resist corrosion

@: lethally poisoned (-6 -> -12), slowed, drained
A: hooves 3, icy blue scales 1, blurry vision 1, deformed body, speed 2, frail
1, mutation resistance 1, screaming 1, tough skin 3
a: Curse Item, Scrying, Renounce Religion, Evoke Invisibility


You were on level 2 of the Lair of Beasts.
You worshipped Ashenzari.
Ashenzari was most pleased with you.
You were very hungry.

You visited 3 branches of the dungeon, and saw 13 of its levels.

You collected 828 gold pieces.
You spent 191 gold pieces at shops.

Inventory:

Hand Weapons
 a - a cursed +5 trident of piercing (weapon)
Missiles
 F - a curare-tipped needle
Armour
 e - a +1 helmet (worn)
 w - a +0 buckler (worn)
 x - a +2 pair of gloves (worn)
 E - the +0 robe of Undesirable Species (worn) {+Inv rF+++ Str-2 Dex+3}
   (You found it on level 1 of the Lair of Beasts)

   It affects your strength (-2).
   It affects your dexterity (+3).
   It renders you almost immune to fire.
   It lets you turn invisible.
Jewellery
 d - a ring of resist corrosion (left hand)
 r - a ring of protection from cold (right hand)
 v - an amulet of guardian spirit (around neck)
Wands
 q - a wand of scattershot (0/9)
 y - a wand of confusion (4/48)
 A - a wand of acid (3/15)
Scrolls
 b - 2 scrolls of magic mapping
 i - a scroll of fog
 j - a scroll of amnesia
 k - a scroll of enchant armour
 o - a scroll of immolation
 t - a scroll of teleportation
 z - 2 scrolls of blinking
Potions
 f - 2 potions of magic
 h - a potion of flight
 l - a potion of cancellation
 n - a potion of agility
 p - 2 potions of curing
 s - a potion of ambrosia
 u - a potion of heal wounds {unknown}
 B - a potion of haste
 C - a potion of invisibility {unknown}
 D - a potion of brilliance
Comestibles
 c - 6 bread rations
 g - 4 meat rations
 m - 7 royal jellies


   Skills:
 - Level 3.0(2.7) Fighting
 + Level 11.0(13.3) Polearms
 - Level 4.6(4.3) Armour
 + Level 5.2(4.9) Dodging
 - Level 3.1(2.9) Stealth
 - Level 3.5(3.3) Shields
 + Level 7.7(7.4) Evocations


You had 8 spell levels left.
You knew the following spells:

 Your Spells              Type           Power        Failure   Level  Hunger
a - Throw Frost           Conj/Ice       #.....       56%         2    ###....


Dungeon Overview and Level Annotations

Branches:
Dungeon (10/15)            Temple (1/1) D:6            Lair (2/6) D:10
  Swamp: Lair:2-4    Shoals: Lair:2-4     Snake: Lair:2-4    Spider: Lair:2-4
    Orc: D:9-12

Altars:
Ashenzari
Cheibriados
Dithmenos
Elyvilon
Fedhas
Gozag
Hepliaklqana
Kikubaaqudgha
Makhleb
Nemelex Xobeh
Okawaru
Qazlal
Ru
Sif Muna
Trog
Uskayaw
Vehumet
Xom
Yredelemnul
Zin
The Shining One

Shops:
D:6 ?

Annotations:
D:5 Prince Ribbit
D:7 Duvessa
D:10 Josephine
Lair:2 Sonja


Innate Abilities, Weirdness & Mutations

You have hooves in place of feet.
Armour fits poorly on your strangely shaped body.
You cover ground very quickly.
You have extremely tough skin. (AC +3)
You are partially covered in icy blue scales. (AC +2)
Scrolls take you a little longer to read.
You are frail. (-10% HP)
You are somewhat resistant to further mutation.
You occasionally shout uncontrollably at your foes.


Message History

You sense an unholy aura.
Sonja hits you with an uncursed dagger of draining.
You feel drained.
* * * LOW HITPOINT WARNING * * *
Sonja misses you. Sonja barely misses you. The komodo dragon bites you.
* * * LOW HITPOINT WARNING * * *
The wyvern bites you.
* * * LOW HITPOINT WARNING * * *
Really read with blurry vision while enemies are nearby? [Y]es or [N]o only, please.
Really read with blurry vision while enemies are nearby? [Y]es or [N]o only, please.
Really read with blurry vision while enemies are nearby?
You feel sick. You block the wyvern's attack.
The komodo dragon barely misses you.
You begin reading the scroll.
You continue reading the scroll.
You feel sick. The wyvern bites you!
* * * LOW HITPOINT WARNING * * *
You block the wyvern's attack. The komodo dragon bites you!
You die...

,... #.##########.#..
* #, ,##Y## #..P * *
##...# ##.# , *
,{#....## ##... * * ,
, #.#...# ###..H# *
*,,
l..#...######.###.# ,
, ,
###.#...†......{.... ,
* ,
#.#l.K.####...###.l. *
## #ll@#...#
#..#####l# *
#..#Y###...#
##{.##.{.#
#........K##
#..#####.# ###.#.#.l.#
##..####.#
#..#l###.####..#.##...
#.....{.§Y.Y.<....>...
#####.##.#.###l.#.#..P
#.###.### #..####.# ##
#.# #.## *#.#


You could see 2 komodo dragons, a yak, Sonja (confused) and a wyvern.

Vanquished Creatures
  2 two-headed ogres
  Joseph (D:9)
  Maurice (D:10)
  3 spiny frogs (Lair:1)
  A queen bee (D:9)
  A wraith (D:9)
  5 yaks (Lair:2)
  A basilisk (D:9)
  Menkaure (D:4)
  6 porcupines
  3 orc warriors
  A black bear (D:7)
  2 ice beasts
  5 sky beasts
  4 phantoms
  5 ogres
  A centaur (D:6)
  2 crocodiles
  8 bullfrogs
  2 gnoll sergeants (D:8)
  A wyvern zombie (D:8)
  4 scorpions
  28 killer bees
  5 crimson imps
  3 quasits
  3 centaur skeletons
  4 hounds
  2 jellies
  16 orc wizards
  7 orc priests
  2 iguanas
  5 worker ants
  Terence (D:3)
  3 killer bee zombies
  A hound zombie (D:5)
  A hound skeleton (D:4)
  A howler monkey zombie (D:5)
  A worker ant zombie (D:5)
  Robin (D:4)
  14 gnolls
  A howler monkey skeleton (D:5)
  14 adders
  3 shadow imps
  3 oozes
  2 adder zombies
  5 adder skeletons
  3 worms
  A dart slug (D:1)
  8 leopard geckos
  36 orcs
  3 ball pythons
  13 giant cockroaches
  14 goblins
  10 hobgoblins
  17 jackals
  8 quokkas
  10 bats
  4 frilled lizards
  9 kobolds
  A leopard gecko skeleton (D:6)
  2 quokka skeletons
  2 quokka zombies
  7 rats
334 creatures vanquished.

Vanquished Creatures (others)
  An adder (D:6)
  A leopard gecko (D:6)
  27 fungi (D:10)
  7 plants (D:10)
36 creatures vanquished.

Grand Total: 370 creatures vanquished

Notes
Turn   | Place    | Note
-------+----------+-------------------------------------------
     0 | D:1      | KristoblXynda the Centaur Monk began the quest for the Orb.
     0 | D:1      | Reached XP level 1. HP: 19/19 MP: 1/1
    79 | D:1      | Reached skill level 3 in Polearms
    89 | D:1      | Reached XP level 2. HP: 22/26 MP: 2/2
   559 | D:2      | You fall through a shaft!
   655 | D:3      | Reached XP level 3. HP: 29/31 MP: 3/3
   680 | D:3      | Reached XP level 4. HP: 13/38 MP: 4/4
   700 | D:3      | Reached skill level 4 in Polearms
  1171 | D:3      | Gained mutation: You occasionally shout uncontrollably at your foes. [potion of mutation]
  1171 | D:3      | Gained mutation: You are partially covered in icy blue scales. (AC +2) [potion of mutation]
  1171 | D:3      | Gained mutation: Scrolls take you a little longer to read. [potion of mutation]
  1271 | D:2      | Reached XP level 5. HP: 13/45 MP: 5/5
  2705 | D:3      | Reached skill level 5 in Polearms
  2773 | D:3      | Noticed Terence
  2794 | D:3      | Killed Terence
  3065 | D:4      | Reached XP level 6. HP: 29/51 MP: 6/6
  3537 | D:4      | Noticed Robin
  3541 | D:4      | Noticed a troll
  3543 | D:4      | Killed Robin
  3543 | D:4      | Reached skill level 1 in Evocations
  3568 | D:4      | Noticed Menkaure
  3578 | D:4      | Killed Menkaure
  3978 | D:4      | Reached XP level 7. HP: 34/57 MP: 8/8
  4058 | D:4      | Reached skill level 6 in Polearms
  5001 | D:5      | Entered Level 5 of the Dungeon
  5926 | D:5      | Reached XP level 8. HP: 63/63 MP: 11/11
  6485 | D:6      | Noticed Prince Ribbit
  7157 | D:6      | Reached skill level 7 in Polearms
  7539 | D:6      | You fall through a shaft for 3 floors!
  7719 | D:8      | Reached skill level 5 in Evocations
  7833 | D:8      | Found a shadowy altar of Dithmenos.
  8125 | D:7      | Noticed Duvessa
  8201 | D:7      | Identified the Collected Works on the Snowflakes and Confrontation
  8391 | D:7      | Reached skill level 8 in Polearms
  8476 | D:7      | Found a sacrificial altar of Ru.
  9182 | D:7      | Reached skill level 1 in Armour
  9182 | D:7      | Reached XP level 9. HP: 48/69 MP: 13/13
  9481 | D:7      | Found an iron altar of Okawaru.
  9908 | D:6      | Found a staircase to the Ecumenical Temple.
  9917 | Temple   | Entered the Ecumenical Temple
 10115 | Temple   | Became a worshipper of Ashenzari the Shackled
 10115 | Temple   | Reached * piety under Ashenzari
 10115 | Temple   | Reached ** piety under Ashenzari
 10555 | D:6      | Reached skill level 1 in Shields
 10905 | D:6      | Found Cuacyps's Magic Scroll Shop.
 10908 | D:6      | Bought a scroll of magic mapping for 38 gold pieces
 10908 | D:6      | Bought a scroll of enchant weapon for 82 gold pieces
 10908 | D:6      | Bought a scroll of immolation for 38 gold pieces
 10908 | D:6      | Bought a scroll of teleportation for 33 gold pieces
 11407 | D:8      | Reached skill level 9 in Polearms
 12079 | D:8      | Gained mutation: You are frail. (-10% HP) [mutagenic meat]
 12080 | D:8      | Gained mutation: You are somewhat resistant to further mutation. [mutagenic meat]
 12309 | D:9      | Noticed Joseph
 12348 | D:9      | Killed Joseph
 12385 | D:9      | Found an opulent altar of Gozag.
 12424 | D:9      | Got the cursed scale mail "Hashritog" {*Corrode rF++ Str+3 Dex-2}
 12427 | D:9      | Identified the cursed +1 scale mail "Hashritog" {*Corrode rF++ Str+3 Dex-2} (You found it on level 9 of the Dungeon)
 12453 | D:9      | Reached XP level 10. HP: 36/69 MP: 14/14
 13420 | D:8      | Noticed a two-headed ogre
 13461 | D:8      | Killed a two-headed ogre
 13788 | D:9      | Reached skill level 10 in Polearms
 15483 | D:10     | Entered Level 10 of the Dungeon
 15498 | D:10     | Noticed Maurice
 15514 | D:10     | Killed Maurice
 15572 | D:10     | Noticed Josephine
 15753 | D:10     | Reached XP level 11. HP: 50/73 MP: 10/16
 16043 | D:10     | Noticed a two-headed ogre
 16075 | D:10     | Killed a two-headed ogre
 16112 | D:10     | Found a staircase to the Lair.
 16162 | D:10     | Reached *** piety under Ashenzari
 16225 | Lair:1   | Entered Level 1 of the Lair of Beasts
 16233 | Lair:1   | Learned a level 2 spell: Throw Frost
 16684 | Lair:1   | Got the uncursed robe of Undesirable Species {+Inv rF+++ Str-2 Dex+3}
 16695 | Lair:1   | Identified the +0 robe of Undesirable Species {+Inv rF+++ Str-2 Dex+3} (You found it on level 1 of the Lair of Beasts)
 16704 | Lair:1   | Found a blossoming altar of Fedhas.
 17307 | Lair:2   | Reached skill level 5 in Dodging
 17328 | Lair:2   | Noticed Sonja
 17352 | Lair:2   | Reached skill level 11 in Polearms
 17419 | Lair:2   | HP: 1/73 [wyvern (8)]
 17419 | Lair:2   | Mangled by a komodo dragon

Vault maps used:
D:1:      lemuel_arrival_behind_the_door_large, serial_bayou_ford_a,
          minivault_11
D:2:      minmay_wonky_spiral
D:3:      hex_large, uniq_terence
D:4:      uniq_menkaure, uniq_robin
D:5:      cheibrodos_helix_gallery, serial_undead, serial_undead_b,
          serial_undead_d, serial_undead_a, serial_undead_c, first_bread
D:6:      lemuel_temple_firewalk_b, serial_shops, shop, uniq_prince_ribbit1
D:7:      kennysheep_little_box, nicolae_ru_great_annihilating_truth,
          uniq_duvessa
D:8:      nicolae_dithmenos_the_darkroom
D:9:      kennysheep_mini_moat, david_nohive_1, hangedman_decor_peaks_small,
          uniq_joseph
D:10:     due_lair_maze_entry_diamond, serial_park_tiny_1, uniq_josephine,
          uniq_maurice
Temple:   eino_narrow_crystal_temple
Lair:1:   basic_altar
Lair:2:   minmay_snake_entry_spellcaster, beast_lair_carwin_5, uniq_sonja

Skill      XL: |  1  2  3  4  5  6  7  8  9 10 11 |
---------------+----------------------------------+-----
Polearms       | 3 4 5 6 8 9 10 11 | 11.0
Dodging        | 3 4 5 |  5.2
Evocations     | 2 4 6 7 |  7.7
Armour         | 1 3 4 |  4.6
Stealth        | 2 3 |  3.1
Shields        | 2 3 |  3.5
Fighting       | |  3.0

Action                   |  1- 3 |  4- 6 |  7- 9 | 10-12 || total
-------------------------+-------+-------+-------+-------++-------
Melee: Spear             |   105 |   219 |       |       ||   324
       Kick              |    25 |    48 |   135 |   101 ||   309
       Trident           |       |   140 |   689 |   525 ||  1354
Invok: Curse Item        |       |       |     1 |       ||     1
Evoke: Wand              |       |     2 |     5 |     4 ||    11
  Use: Potion            |     1 |     5 |     7 |     4 ||    17
       Scroll            |       |    10 |    11 |     9 ||    30
 Stab: Sleeping          |       |     1 |     2 |     2 ||     5
  Eat: Meat ration       |       |     1 |       |     1 ||     2
       Chunk             |       |     3 |    17 |     6 ||    26
       Fruit             |       |       |     8 |     6 ||    14
       Royal jelly       |       |       |     3 |       ||     3
Armor: Robe              |    28 |    96 |       |    10 ||   134
       Skin              |     5 |    27 |       |    56 ||    88
       Leather armour    |       |    28 |   240 |    88 ||   356
Dodge: Dodged            |    35 |   175 |   290 |   121 ||   621
Block: Buckler           |       |       |    12 |    63 ||    75
